 Dungeon Crawl Stone Soup version 0.25-a0-435-g4b9beb1024 (webtiles) character file.

Game seed: 6355867227131128321, levelgen mode: deterministic

3 Esekla the Ducker (level 1, -3/11 HPs)
             Began as a Spriggan Abyssal Knight on Jan 29, 2020.
             Was an Initiate of Lugonu.
             Slain by a kobold
             ... wielding a +0 short sword
              (4 damage)
             ... on level 1 of the Dungeon.
             The game lasted 00:06:32 (892 turns).

Esekla the Ducker (Spriggan Abyssal Knight)          Turns: 892, Time: 00:06:33

Health: -3/11      AC:  2    Str:  8      XL:     1   Next: 41%
Magic:  3/3        EV: 18    Int: 11 (13) God:    Lugonu [......]
Gold:   121        SH:  0    Dex: 11      Spells: 0/0 levels left

rFire    . . .     SeeInvis +   a - +1 short sword
rCold    + . .     Gourm    .   (shield restricted)
rNeg     . . .     Faith    .   f - +0 robe {rC+}
rPois    .         Spirit   .   (helmet restricted)
rElec    .         Reflect  .   (no cloak)
rCorr    .         Harm     .   (gloves unavailable)
MR       .....     Rnd*Rage +   (boots unavailable)
Stlth    +.........             (no amulet)
HPRegen  0.03/turn              (no ring)
MPRegen  0.08/turn              (no ring)

@: very quick
A: very small, unfitting armour, see invisible, [berserk 2], [clumsy 2],
[deterioration 2], herbivore, speed 3, slow metabolism 2, [subdued magic 2]
a: Renounce Religion


You were on level 1 of the Dungeon.
You worshipped Lugonu.
Lugonu was noncommittal.
You were not hungry.

You visited 1 branch of the dungeon, and saw 1 of its levels.
You visited the Abyss 1 time.

You collected 121 gold pieces.

Inventory:

Hand Weapons
 a - a +1 short sword (weapon)
Armour
 f - a +0 robe of cold resistance (worn)
Wands
 k - a wand of polymorph (11)
Scrolls
 b - a scroll of remove curse {unknown}
 d - 2 scrolls of teleportation {unknown}
 e - a scroll of blinking {unknown}
 g - a scroll of fear {unknown}
 h - a scroll of fog {unknown}
 j - 2 scrolls of magic mapping {unknown}
 l - a scroll of enchant weapon {unknown}
Potions
 i - 2 potions of agility {unknown}
 m - a potion of lignification {unknown}
 n - a potion of flight {unknown}
Comestibles
 c - a ration


   Skills:
 - Level 2.4 Fighting
 * Level 2.1 Short Blades
 * Level 4.0 Dodging
 + Level 1.7 Invocations


You couldn't memorise any spells.
You didn't know any spells.
Your spell library was empty.

Dungeon Overview and Level Annotations

Branches:
Dungeon (1/15)

Altars:


Innate Abilities, Weirdness & Mutations

You are very small and have problems with some larger weapons.
You are too small for most types of armour.
You have supernaturally acute eyesight. (SInv)
You are a herbivore.
You cover ground extremely quickly.
You need to consume almost no food.
[You often lose your temper in combat.]
[You are very clumsy. (Dex -4)]
[Your body often deteriorates upon taking damage.]
[Your spells are easier to cast, but less powerful.]


Message History

Your Dodging skill increases to level 4!
You recover from your berserk rage.
Found a stone staircase leading down.
A kobold comes into view. It is wielding a +0 short sword.
The kobold shouts!
The kobold throws a stone.
The stone misses you.
You start waiting.
The kobold is too close now for your liking.
The kobold barely misses you.
You barely miss the kobold.
The kobold hits you with a +0 short sword.
You hit the kobold but do no damage. The kobold misses you.
You closely miss the kobold.
The kobold hits you with a +0 short sword.
Ouch! That really hurt!
* * * LOW HITPOINT WARNING * * *
Your body deteriorates!
You feel dopey.
You hit the kobold but do no damage.
The kobold hits you with a +0 short sword.
You die...

##.....##.......#
#..#..##.......#
###.#...........##...
.....................
..............#######
####.................
#...........#########
#...#.#.....#.......#
#.....#......@K# #
#........(.###.# #
>###....# .# ####
.......# .# ...#
###.#### .# ...+ #.
.. ...# .. .# #### #
.# #


You could see a kobold.

Vanquished Creatures
  A hobgoblin (D:1)
  A bat (D:1)
  2 kobolds (D:1)
4 creatures vanquished.

Notes
Turn   | Place    | Note
-------+----------+-------------------------------------------
     0 | Abyss:1  | Esekla the Spriggan Abyssal Knight began the quest for the
                  | Orb.
     0 | Abyss:1  | Reached XP level 1. HP: 11/11 MP: 3/3
    97 | Abyss:1  | Noticed a neqoxec
   104 | Abyss:1  | Found a corrupted altar of Lugonu.
   105 | Abyss:1  | Noticed a wretched star
   211 | Abyss:1  | Found a corrupted altar of Lugonu.
   219 | Abyss:1  | Noticed an ice devil
   225 | Abyss:1  | Noticed a raiju
   252 | Abyss:1  | Noticed a glowing orange brain
   259 | Abyss:1  | Noticed a small abomination
   285 | Abyss:1  | Noticed a small abomination
   361 | Abyss:1  | Noticed an iron imp
   370 | Abyss:1  | Noticed a large abomination
   371 | Abyss:1  | Noticed a wight
   424 | Abyss:1  | Noticed a bone dragon
   429 | Abyss:1  | Noticed a large abomination
   444 | Abyss:2  | Noticed a neqoxec
   449 | Abyss:2  | Found a corrupted altar of Lugonu.
   465 | Abyss:2  | Noticed a smoke demon
   465 | Abyss:2  | Noticed an orange demon
   490 | Abyss:2  | Found a burning altar of Makhleb.
   518 | Abyss:2  | Noticed a bone dragon
   534 | Abyss:2  | Noticed a raiju
   546 | Abyss:2  | Noticed a thrashing horror
   549 | D:1      | Escaped the Abyss
   856 | D:1      | Reached skill level 4 in Dodging
   892 | D:1      | Slain by a kobold

Levels and vault maps discovered:
D:1:      minmay_arrival_cross, layout_basic, minmay_tall_x

Skill      XL: |  1 |
---------------+----+-----
Dodging        | 4 |  4.0
Fighting       | |  2.4
Short Blades   | |  2.1
Invocations    | |  1.7

Action                   || total
-------------------------++-------
Melee: Short sword       ||    17
Invok: Depart the Abyss  ||     1
Armor: Robe              ||     3
Dodge: Dodged            ||    22

Table legend:
 A = Non-vault XP
 B = Vault XP
 C = Vault XP percentage of total XP
 D = Non-vault monster count
 E = Vault monster count
 F = Vault count percentage of total count
                 A         B        C        D         E       F
            +---------+---------+-------+---------+---------+-------
      Total |       5 |       0 |   0.0 |       4 |       0 |   0.0
            +---------+---------+-------+---------+---------+-------
        D:1 |       5 |       0 |   0.0 |       4 |       0 |   0.0
            +---------+---------+-------+---------+---------+-------
